 Dungeon Crawl Stone Soup version 0.27.1-4-g1640c2035a (webtiles) character file.

Game seed: 11917581728225999289

107 unlimited1921 the Vexing (level 4, -2/34 HPs)
             Began as a Gnoll Arcane Marksman on Oct 31, 2021.
             Killed by divine providence
             ... invoked by an orc priest
              (11 damage)
             ... on level 2 of the Dungeon on Nov 1, 2021.
             The game lasted 00:16:12 (4371 turns).

unlimited1921 the Vexing (Gnoll Arcane Marksman)    Turns: 4371, Time: 00:16:13

Health: -2/34      AC: 10    Str:  9    XL:     4   Next: 85%
Magic:  8/8        EV:  1    Int: 14    God:
Gold:   67         SH:  0    Dex: 12    Spells: 8/9 levels left

rFire    . . .     SeeInvis .   s - +0 trident (venom)
rCold    . . .     Faith    .   (no shield)
rNeg     . . .     Spirit   .   t - +0 plate armour
rPois    .         Reflect  .   (no helmet)
rElec    .         Harm     .   (no cloak)
rCorr    .         Rampage  .   (no gloves)
Will     .....                  (no boots)
Stlth    ..........             (no amulet)
HPRegen  0.11/turn              u - ring of flight
MPRegen  0.11/turn              (no ring)

@: flying
A: fangs 1, strong nose, distributed training
a: no special abilities


You were on level 2 of the Dungeon.
You visited 1 branch of the dungeon, and saw 2 of its levels.

You collected 67 gold pieces.

Inventory:

Hand Weapons
 a - a +0 hand crossbow
 m - a +2 short sword of venom
 p - a +0 whip
 s - a +0 trident of venom (weapon)
Missiles
 c - 6 bolts
 e - 36 stones (quivered)
 j - 20 arrows
Armour
 b - a +0 chain mail
 d - a +0 robe
 q - a +0 leather armour
 t - a +0 plate armour (worn)
Jewellery
 f - an amulet of faith
 u - a ring of flight (left hand)
Scrolls
 g - a scroll of identify {unknown}
 k - 2 scrolls of enchant weapon {unknown}
 r - a scroll of amnesia {unknown}
Potions
 h - a potion of cancellation {unknown}
 i - a potion of mutation {unknown}
 l - 2 potions of curing {unknown}
 n - 2 potions of resistance {unknown}
 o - 2 potions of lignification {unknown}


   Skills:
 + Level 2.8 Fighting
 + Level 1.2 Short Blades
 + Level 1.2 Long Blades
 + Level 1.2 Axes
 + Level 1.2 Maces & Flails
 + Level 1.2 Polearms
 + Level 1.2 Staves
 + Level 1.2 Slings
 + Level 1.2 Bows
 + Level 4.7 Crossbows
 + Level 1.2 Throwing
 + Level 1.2 Armour
 + Level 4.7 Dodging
 + Level 1.2 Stealth
 + Level 1.2 Shields
 + Level 1.2 Unarmed Combat
 + Level 3.0 Spellcasting
 + Level 1.0 Conjurations
 + Level 5.5 Hexes
 + Level 1.0 Summonings
 + Level 1.0 Necromancy
 + Level 1.0 Translocations
 + Level 1.0 Transmutations
 + Level 1.0 Fire Magic
 + Level 1.0 Ice Magic
 + Level 1.0 Air Magic
 + Level 1.0 Earth Magic
 + Level 1.0 Poison Magic
 + Level 1.4 Invocations
 + Level 1.2 Evocations


You had 8 spell levels left.
You knew the following spells:

 Your Spells              Type           Power      Damage    Failure   Level
a - Corona                Hex            18%        N/A       100%        1

Your spell library contained the following spells:

 Spells                   Type           Power      Damage    Failure   Level
 Slow                     Hex            17%        N/A       100%        2
 Inner Flame              Hex/Fire       11%        N/A       100%        3
 Portal Projectile        Hex/Tloc       22%        N/A       100%        3
 Cause Fear               Hex            8%         N/A       100%        4


Dungeon Overview and Level Annotations

Branches:
Dungeon (2/15)

Altars:
Ashenzari


Innate Abilities, Weirdness & Mutations

You have very sharp teeth.
Your uncanny sense of smell can sniff out nearby items.
Your experience applies equally to all skills.


Message History

The hobgoblin is almost dead.
You hit the hobgoblin.
You kill the hobgoblin!
No target in view!
No target in view!
You see here a hobgoblin corpse.
An orc priest comes into view. It is wielding a +0 trident.
The orc priest shouts!
No reachable target in view!
No reachable target in view!
No reachable target in view!
Unknown command.
An orc comes into view. It is wielding a +0 dagger.
The orc shouts!
You hear a shout!
An orc priest comes into view. It is wielding a +0 club.
An orc comes into view. It is wielding a +0 whip.
Found a scale mail.
The orc shouts!
The orc priest shouts!
Found 16 bolts.
The orc priest hits you but does no damage.
You hit the orc priest.
The orc priest is poisoned.
The orc priest is moderately wounded.
The orc priest hits you but does no damage.
You closely miss the orc priest.
The orc priest is heavily wounded.
The orc priest calls upon Beogh to heal the orc priest.
The orc priest is healed somewhat.
The orc priest mumbles some strange prayers to Beogh against you.
Pain shoots through your body! The orc hits you with a +0 dagger.
The orc priest hits you but does no damage.
The orc priest hits you but does no damage.
The orc hits you but does no damage.
The orc priest mumbles some strange prayers to Beogh against you.
Beogh smites you!
* * * LOW HITPOINT WARNING * * *
The orc hits you with a +0 dagger.
* * * LOW HITPOINT WARNING * * *
The orc priest calls down the wrath of Beogh upon you.
Beogh smites you!
You die...

#.# #)# #.# ##...... #.#
#†### #.# ###.### ######
#...# #.# #.#
##...#########.# #.# #.#
##...###)..###.# #.# ####.#
##...###.oo.##.###.####..÷.#
#.....##..#o.##.....)......##
(..#...#.o##..#.#####.......#
..###....###†@#.# #.......#
..###....###..#.# #.......##
.[###...####..#.# #.........
## #########....# #.......##
##...# #.......# ##..#
#.......# #### #########


You could see 2 orc priests and 2 orcs.

Vanquished Creatures
  A gnoll (D:1)
  3 adders (D:2)
  2 dart slugs
  2 ball pythons (D:2)
  10 endoplasms
  3 giant cockroaches
  11 hobgoblins
  4 jackals (D:1)
  7 kobolds
  2 quokkas
  3 bats (D:2)
  4 frilled lizards (D:1)
  3 goblins
  4 rats
59 creatures vanquished.

Notes
Turn   | Place    | Note
-------+----------+-------------------------------------------
     0 | D:1      | unlimited1921 the Gnoll Arcane Marksman began the quest for
                  | the Orb.
     0 | D:1      | Reached XP level 1. HP: 17/17 MP: 4/4
   205 | D:1      | Reached XP level 2. HP: 23/23 MP: 5/5
   324 | D:1      | Reached XP level 3. HP: 28/28 MP: 7/7
  1060 | D:1      | Reached skill level 1 in Invocations
  2484 | D:1      | Reached skill level 1 in Short Blades
  2484 | D:1      | Reached skill level 1 in Long Blades
  2484 | D:1      | Reached skill level 1 in Axes
  2484 | D:1      | Reached skill level 1 in Maces & Flails
  2484 | D:1      | Reached skill level 1 in Polearms
  2484 | D:1      | Reached skill level 1 in Staves
  2484 | D:1      | Reached skill level 1 in Slings
  2484 | D:1      | Reached skill level 1 in Bows
  2484 | D:1      | Reached skill level 1 in Throwing
  2484 | D:1      | Reached skill level 1 in Armour
  2484 | D:1      | Reached skill level 1 in Stealth
  2484 | D:1      | Reached skill level 1 in Shields
  2484 | D:1      | Reached skill level 1 in Unarmed Combat
  2484 | D:1      | Reached skill level 1 in Evocations
  2582 | D:2      | Reached XP level 4. HP: 26/34 MP: 8/8
  3179 | D:2      | Found a broken altar of Ashenzari.
  3591 | D:2      | Reached skill level 1 in Conjurations
  3591 | D:2      | Reached skill level 1 in Summonings
  3591 | D:2      | Reached skill level 1 in Necromancy
  3591 | D:2      | Reached skill level 1 in Translocations
  3591 | D:2      | Reached skill level 1 in Transmutations
  3591 | D:2      | Reached skill level 1 in Fire Magic
  3591 | D:2      | Reached skill level 1 in Ice Magic
  3591 | D:2      | Reached skill level 1 in Air Magic
  3591 | D:2      | Reached skill level 1 in Earth Magic
  3591 | D:2      | Reached skill level 1 in Poison Magic
  4371 | D:2      | Killed from afar by an orc priest

Illustrated notes

Levels and vault maps discovered:
D:1:      dpeg_chamrin_arrival_tetris, layout_basic,
          corexii_item_surrounded_by_moat
D:2:      layout_loops_ring, basic_altar, hangedman_glass_teeth

Skill      XL: |  1  2  3  4 |
---------------+-------------+-----
Invocations    | 1 |  1.4
Short Blades   | 1 |  1.2
Long Blades    | 1 |  1.2
Axes           | 1 |  1.2
Maces & Flails | 1 |  1.2
Polearms       | 1 |  1.2
Staves         | 1 |  1.2
Slings         | 1 |  1.2
Bows           | 1 |  1.2
Throwing       | 1 |  1.2
Armour         | 1 |  1.2
Stealth        | 1 |  1.2
Shields        | 1 |  1.2
Unarmed Combat | 1 |  1.2
Evocations     | 1 |  1.2
Spellcasting   | 3 |  3.0
Conjurations   | 1 |  1.0
Summonings     | 1 |  1.0
Necromancy     | 1 |  1.0
Translocations | 1 |  1.0
Transmutations | 1 |  1.0
Fire Magic     | 1 |  1.0
Ice Magic      | 1 |  1.0
Air Magic      | 1 |  1.0
Earth Magic    | 1 |  1.0
Poison Magic   | 1 |  1.0
Fighting       | |  2.8
Crossbows      | |  4.7
Dodging        | |  4.7
Hexes          | |  5.5

Action                   |  1- 3 |  4- 6 || total
-------------------------+-------+-------++-------
Melee: Club              |    41 |       ||    41
       Short sword       |     7 |    30 ||    37
       Bite              |     5 |     5 ||    10
       Trident           |       |    13 ||    13
 Fire: Hand crossbow     |    56 |    41 ||    97
Armor: Chain mail        |    43 |    31 ||    74
       Plate armour      |       |    13 ||    13
Dodge: Dodged            |    19 |    15 ||    34
